 Dungeon Crawl Stone Soup version 0.25.0-33-gff14898491 (webtiles) character file.

Game seed: 3641325776877263295

84 Peloso the Skirmisher (level 4, 0/35 HPs)
             Began as a Demonspawn Fighter on July 7, 2020.
             Succumbed to an adder's poison
             ... on level 3 of the Dungeon.
             The game lasted 00:02:58 (1646 turns).

Peloso the Skirmisher (Demonspawn Fighter)          Turns: 1646, Time: 00:02:59

Health: 0/35       AC:  8    Str: 18    XL:     4   Next: 23%
Magic:  4/4        EV:  7    Int:  9    God:
Gold:   94         SH: 13    Dex: 12    Spells: 3/3 levels left

rFire    + . .     SeeInvis .   a - +0 long sword
rCold    . . .     Gourm    .   c - +0 kite shield
rNeg     . . .     Faith    .   b - +0 scale mail
rPois    .         Spirit   .   (no helmet)
rElec    .         Reflect  .   (no cloak)
rCorr    .         Harm     .   g - +0 pair of gloves
MR       .....                  (no boots)
Stlth    ..........             (no amulet)
HPRegen  0.11/turn              (no ring)
MPRegen  0.09/turn              (no ring)

@: lethally poisoned (0 -> -16)
A: large bone plates 1, fire resistance 1, flame cloud immunity
a: no special abilities


You were on level 3 of the Dungeon.
You were hungry.

You visited 1 branch of the dungeon, and saw 3 of its levels.

You collected 94 gold pieces.

Inventory:

Hand Weapons
 a - a +0 long sword (weapon)
Missiles
 k - 14 bolts
Armour
 b - a +0 scale mail (worn)
 c - a +0 kite shield (worn)
 g - a +0 pair of gloves (worn)
Scrolls
 e - 4 scrolls of identify
 h - a scroll of enchant armour {unknown}
 i - 2 scrolls of remove curse {unknown}
 j - a scroll of blinking {unknown}
 m - a scroll of teleportation {unknown}
Potions
 d - a potion of might
Comestibles
 f - 4 rations
 l - 6 chunks of flesh


   Skills:
 + Level 3.5 Fighting
 + Level 2.5 Long Blades
 + Level 3.3 Armour
 + Level 0.2 Dodging
 + Level 3.2 Shields


You had 3 spell levels left.
You didn't know any spells.
Your spell library was empty.

Dungeon Overview and Level Annotations

Branches:
Dungeon (3/15)

Altars:
Cheibriados
Makhleb


Innate Abilities, Weirdness & Mutations

You are partially covered in large bone plates. (SH +4)
Your flesh is heat resistant. (rF+)
You are immune to clouds of flame.


Message History

You are more poisoned.
The adder poisons you!
There is an escape hatch in the floor here.
You can't go up here!
Okay, then.
* * * LOW HITPOINT WARNING * * *
You feel sick. You block the adder's attack.
The gnoll hits you but does no damage.
You slide downwards.
The hatch slams shut behind you.
You hear the sound of rushing water.
There is an entrance to a sewer on this level.
Hurry and find it before the portal rusts away!
An adder comes into view.
* * * LOW HITPOINT WARNING * * *
You feel sick.
The adder hisses angrily.
Found an escape hatch in the floor.
Found a stone staircase leading down.
Okay, then.
You hit the adder.
You kill the adder!
You die...

# .. .. ..
#.
#..#######..
#..†@....>.#
#...#.######
#... .#
..... ..
####.S ###
... #.#.
.###


You could see an adder.

Vanquished Creatures
  A hound (D:2)
  An adder (D:3)
  An ooze (D:2)
  2 dart slugs (D:1)
  3 giant cockroaches
  2 goblins (D:1)
  5 hobgoblins
  3 kobolds
  2 quokkas (D:2)
  7 bats
  3 frilled lizards (D:1)
  7 rats
37 creatures vanquished.

Notes
Turn   | Place    | Note
-------+----------+-------------------------------------------
     0 | D:1      | Peloso the Demonspawn Fighter began the quest for the Orb.
     0 | D:1      | Reached XP level 1. HP: 18/18 MP: 1/1
   136 | D:1      | Gained mutation: You are partially covered in large bone
                  | plates. (SH +4) [demonic ancestry]
   136 | D:1      | Reached XP level 2. HP: 10/24 MP: 2/2
  1042 | D:2      | Gained mutation: Your flesh is heat resistant. (rF+)
                  | [demonic ancestry]
  1042 | D:2      | Reached XP level 3. HP: 12/29 MP: 3/3
  1279 | D:2      | Found a snail-covered altar of Cheibriados.
  1410 | D:2      | Found a burning altar of Makhleb.
  1413 | D:2      | Gained mutation: You are immune to clouds of flame.
                  | [demonic ancestry]
  1413 | D:2      | Reached XP level 4. HP: 24/35 MP: 4/4
  1645 | D:3      | HP: 1/35 [poisoned by an adder]
  1646 | D:3      | Succumbed to an adder's poison

Illustrated notes

Levels and vault maps discovered:
D:1:      dpeg_arrival_more_subterranean_lakeside_camping, layout_loops_ring
D:2:      layout_loops_ring, lemuel_zombie_altar_kikubaaqudgha,
          cheibriados_altar_1, makhleb_blood_cavern_becter, uniq_robin
D:3:      layout_loops_cross, elyvilon_altar_4, gammafunk_ghost_mausoleum,
          cheibrodos_sewer_entry_drain

Skill      XL: |  1  2  3 |
---------------+----------+-----
Long Blades    | 2 |  2.5
Armour         | 3 |  3.3
Shields        | 3 |  3.2
Fighting       | |  3.5
Dodging        | |  0.2

Action                   |  1- 3 |  4- 6 || total
-------------------------+-------+-------++-------
Melee: Long sword        |   103 |    14 ||   117
  Use: Potion            |     2 |       ||     2
       Scroll            |     1 |       ||     1
  Eat: Chunk             |     2 |       ||     2
Armor: Scale mail        |    45 |     1 ||    46
Dodge: Dodged            |    22 |    11 ||    33
Block: Kite shield       |    80 |    13 ||    93
       Rpst.: Long sword |     5 |     3 ||     8
